[Event "45th Guernsey Open 2019"]
[Site "Vale"]
[Date "2019.10.26"]
[Round "7.9"]
[White "Van Dijk, Bram"]
[Black "Van den Boogaart, Jan Maarten"]
[Result "0-1"]
[ECO "B23"]
[WhiteElo "1982"]
[BlackElo "2039"]
[Annotator "NA"]
[PlyCount "72"]
[EventDate "2019.10.20"]
[EventType "swiss"]
[EventCountry "GCI"]
[SourceTitle "playchess.com"]
[Source "ChessBase"]
[SourceQuality "1"]
[TimeControl "40/6000+30:2400+30"]

1. e4 c5 2. Nc3 Nc6 3. f4 g6 4. Nf3 Bg7 5. Bc4 e6 6. O-O Nge7 7. d3 O-O 8. a3 b6 9. Qe1 Bb7 10. Qh4 (10. Bb3 $11 {remains equal.}) 10... Nd4 11. Nxd4 cxd4 12. Ne2 d5 13. exd5 Bxd5 14. b3 Bc6 15. a4 Qd7 16. Bb5 Nf5 17. Qf2 $19 Ne3 18. Nxd4 Nxf1 19. Nxc6 Bxa1 20. Ba3 Kh8 21. Kxf1 Qc7 22. d4 a6 23. Qh4 f6 24. Be7 Kg7 25. Qg4 axb5 26. axb5 f5 27. Qh4 Rf7 28. Bg5 h5 29. Qe1 Bb2 30. Qxe6 Qd7 31. Qc4 Re8 32. d5 Re4 33. Qd3 Bf6 34. Bxf6+ Rxf6 35. Ne5 Rxf4+ 36. Kg1 Qd6 0-1

[Event "45th Guernsey Open 2019"]
[Site "Vale"]
[Date "2019.10.26"]
[Round "7.10"]
[White "Hamann, Marcus"]
[Black "Strade, Arita"]
[Result "0-1"]
[ECO "B06"]
[WhiteElo "1802"]
[BlackElo "1882"]
[Annotator "NA"]
[PlyCount "122"]
[EventDate "2019.10.20"]
[EventType "swiss"]
[EventCountry "GCI"]
[SourceTitle "playchess.com"]
[Source "ChessBase"]
[SourceQuality "1"]
[TimeControl "40/6000+30:2400+30"]

1. e4 g6 2. d4 Bg7 3. Nc3 c6 4. Nf3 d6 5. Bc4 b5 6. Bd3 (6. Nxb5 $5 d5 7. Bb3 $14) 6... b4 7. Ne2 Nd7 8. a3 bxa3 9. Rxa3 Ngf6 10. Bd2 Bb7 11. Qa1 $11 (11. O-O $16) 11... Qb8 (11... c5 $1 $11) 12. Bc3 O-O 13. Ng3 Ne8 14. O-O Nc7 15. e5 Nd5 16. exd6 exd6 17. Bd2 c5 18. c3 N7b6 19. Re1 Qc7 20. Bb5 Bc6 21. Bxc6 Qxc6 22. Ra6 Nc7 23. Ra2 c4 24. Qc1 Rfe8 25. Rxe8+ Qxe8 26. Bf4 Qc6 27. Qc2 Ne6 28. Bd2 f5 29. Ng5 Nf8 30. Ra1 h6 31. Nf3 Nd5 32. Qa4 Qc7 33. Qa5 Qf7 34. Re1 Nd7 35. Bc1 N7f6 36. Nd2 Nb6 37. Qa3 Bf8 38. Qa2 a5 39. h3 a4 40. Qb1 Nfd5 41. Nf3 a3 42. bxa3 Na4 43. Ne2 Naxc3 44. Qc2 Nxe2+ 45. Qxe2 Nc3 46. Qe3 Nb5 47. Bb2 f4 48. Qe4 Ra7 49. d5 c3 50. Bc1 g5 51. Nd4 Nxd4 52. Qxd4 Bg7 53. Qb4 Be5 54. Re4 Kg7 55. Qc4 Qd7 56. a4 Rc7 57. Qb4 f3 58. Be3 c2 59. Rc4 Rb7 60. Bb6 Qf5 61. a5 Qd3 0-1

[Event "45th Guernsey Open 2019"]
[Site "Vale"]
[Date "2019.10.26"]
[Round "7.11"]
[White "Hall, Alan"]
[Black "Hoogakker, Peter"]
[Result "0-1"]
[ECO "B07"]
[WhiteElo "1684"]
[BlackElo "1749"]
[Annotator "NA"]
[PlyCount "78"]
[EventDate "2019.10.20"]
[EventType "swiss"]
[EventCountry "GCI"]
[SourceTitle "playchess.com"]
[Source "ChessBase"]
[SourceQuality "1"]
[TimeControl "40/6000+30:2400+30"]

1. d4 d6 2. e4 Nf6 3. Nc3 Nbd7 4. Nf3 e5 5. Bc4 Be7 6. h3 h6 7. O-O c6 8. a4 Qc7 9. Bb3 Nf8 10. Be3 g5 11. Nh2 Ng6 12. dxe5 dxe5 13. Qe2 Nf4 14. Bxf4 gxf4 15. Rfd1 Rg8 16. Rd3 b6 17. Bc4 Rg7 18. Rad1 Bc5 19. Na2 a5 20. c3 h5 21. b4 axb4 22. cxb4 Bd4 23. Rc1 Bd7 24. Bb3 Ke7 25. Kf1 Rag8 26. Rxd4 Rxg2 27. Rxd7+ Qxd7 28. Qc4 R8g7 29. Nf3 Qxh3 30. Ke2 Ng4 31. Rf1 Nxf2 32. Qxc6 Nxe4+ 33. Kd3 Rd2+ 34. Kxe4 f5+ 35. Kxe5 Re2+ 36. Kd5 Qxf1 37. Qd6+ Ke8 38. Qc6+ Rd7+ 39. Kc4 Rc2# {[%emt 0:00:30] Kd4} 0-1